 Dungeon Crawl Stone Soup version 0.28-a0-1152-g9c71ebef14 (webtiles) character file.

Game seed: 12034761862853434003

135 Zeldest the Magician (level 4, 0/31 HPs)
             Began as a Mummy Summoner on Dec 15, 2021.
             Slain by an orc priest (9 damage)
             ... on level 3 of the Dungeon.
             The game lasted 00:09:30 (3533 turns).

Zeldest the Magician (Mummy Summoner)               Turns: 3533, Time: 00:09:31

Health: 0/31       AC:  2    Str: 11    XL:     4   Next: 97%
Magic:  6/10       EV: 12    Int: 16    God:
Gold:   41         SH:  0    Dex: 12    Spells: 8/11 levels left

rFire   x . .      SeeInvis .   a - +1 dagger (venom)
rCold   + . .      Faith    .   (no shield)
rNeg    + + +      Spirit   .   b - +0 robe
rPois   ∞          Reflect  .   (no helmet)
rElec   .          Harm     .   (no cloak)
rCorr   .          Rampage  .   (no gloves)
Will    .....                   (no boots)
Stlth   ++........              (no amulet)
HPRegen 0.10/turn               (no ring)
MPRegen 0.12/turn               (no ring)

@: no status effects
A: cold resistance 1, negative energy resistance 3, torment resistance 2, heat
vulnerability 1, no potions
a: no special abilities


You were on level 3 of the Dungeon.
You visited 1 branch of the dungeon, and saw 3 of its levels.

You collected 123 gold pieces.
You spent 82 gold pieces at shops.

Inventory:

Hand Weapons
 a - a +1 dagger of venom (weapon)
 e - a +3 dagger
Armour
 b - a +0 robe (worn)
Magical Staves
 f - a staff of poison
Scrolls
 c - 2 scrolls of identify
 d - a scroll of teleportation
 g - a scroll of magic mapping
 h - a scroll of blinking


   Skills:
 + Level 0.3 Fighting
 - Level 2.4 Dodging
 - Level 2.5 Stealth
 + Level 4.0 Spellcasting
 + Level 3.8 Summonings


You had 8 spell levels left.
You knew the following spells:

 Your Spells              Type           Power      Damage    Failure   Level
a - Call Imp              Summ           15%        N/A       5%          2
b - Summon Small Mammal   Summ           60%        N/A       3%          1

Your spell library contained the following spells:

 Spells                   Type           Power      Damage    Failure   Level
 Call Canine Familiar     Summ           15%        N/A       11%         3
 Summon Guardian Golem    Hex/Summ       9%         N/A       22%         3
 Summon Lightning Spire   Summ/Air       9%         N/A       58%         4


Dungeon Overview and Level Annotations

Branches:
Dungeon (3/15)

Altars:
Sif Muna
Vehumet

Shops:
D:3 ?*

Annotations:
D:2 Crazy Yiuf
D:3 exclusion: door


Innate Abilities, Weirdness & Mutations

You are immune to poison.
Your flesh is cold resistant. (rC+)
You are immune to negative energy. (rN+++)
You are immune to unholy pain and torment.
You are vulnerable to heat. (rF-)
You do not drink.


Message History

There are monsters nearby!
The hobgoblin shouts!
The orc priest shouts!
You hit the orc priest but do no damage.
The orc priest is poisoned.
The orc priest barely misses you.
You hit the orc priest but do no damage.
The orc priest looks even sicker.
The orc priest closely misses you.
You hit the orc priest but do no damage.
The orc priest is lightly wounded.
The orc priest hits you with a +0 trident!
Casting: Call Imp (safe; 5% risk of failure)
Confirm with . or Enter, or press ? or * to list all spells.
A beastly little devil appears in a puff of flame.
The orc priest barely misses you.
Casting: Call Imp (safe; 5% risk of failure)
Confirm with . or Enter, or press ? or * to list all spells.
The orc priest hits you with a +0 trident!
Casting: Summon Small Mammal (safe; 3% risk of failure)
Confirm with . or Enter, or press ? or * to list all spells.
The hobgoblin misses you. The orc priest barely misses you.
You hit the hobgoblin but do no damage.
The hobgoblin is poisoned.
The hobgoblin misses you. The orc priest misses you.
You barely miss the orc priest.
The orc priest is moderately wounded.
Your crimson imp blinks!
Your rat bites the hobgoblin but does no damage.
The hobgoblin barely misses you.
The orc priest hits you with a +0 trident.
You hit the orc priest but do no damage.
The orc priest looks even sicker.
The orc priest is moderately wounded.
Your bat closely misses the hobgoblin.
Your rat misses the hobgoblin. The hobgoblin misses you.
The orc priest hits you with a +0 trident.
You completely miss the orc priest.
The orc priest is moderately wounded.
Your bat barely misses the hobgoblin.
Your rat closely misses the hobgoblin.
Your bat barely misses the hobgoblin.
The hobgoblin hits you.
* * * LOW HITPOINT WARNING * * *
The orc priest hits you with a +0 trident!
You die...

#.## ##.................#######.#
#..###...#.....#.#...##########.#
#.#.#.#.>##...##.#...##.........#
#.##.##..###.###.#<..##.#########
#........###.# #.##.###.#
...........#.###.##.# #.#
#.###.##............# #.#
.......#.#.#..5...#####.######
###.##...#.#####@b##.........#
.....#.#.#.....ogr.÷....####.#
#.##...#.#######..##.#### #.#
...#.#.#.. .....##.# #.#
##...#...# ........... #.# .#.#.#
..#####.##..# #.# ...#... #
#.##..# #.# .#.#.#.# #.##..# #.#
##...#... #.##..# ###.#


You could see an orc priest (very poisoned, ally target), a hobgoblin (very
poisoned, ally target), a friendly crimson imp (summoned), a friendly bat
(summoned) and a friendly rat (summoned).

Vanquished Creatures
  An adder (D:2)
  A dart slug (D:2)
  An orc (D:2)
  4 ball pythons
  6 endoplasms
  2 giant cockroaches
  4 goblins
  4 hobgoblins
  4 jackals
  3 quokkas
  6 bats
  A frilled lizard (D:3)
  7 kobolds
  6 rats
50 creatures vanquished.

Vanquished Creatures (collateral kills)
  3 gnolls (D:2)
  2 adders
  A worm (D:2)
  An orc (D:3)
  3 ball pythons
  2 goblins (D:1)
  A hobgoblin (D:1)
  3 jackals
  A bat (D:1)
  A frilled lizard (D:1)
18 creatures vanquished.

Vanquished Creatures (others)
  2 fungi (D:2)
2 creatures vanquished.

Grand Total: 70 creatures vanquished

Notes
Turn   | Place    | Note
-------+----------+-------------------------------------------
     0 | D:1      | Zeldest the Mummy Summoner began the quest for the Orb.
     0 | D:1      | Reached XP level 1. HP: 13/13 MP: 4/4
   364 | D:1      | Found a faded altar of an unknown god.
   379 | D:1      | Reached XP level 2. HP: 17/19 MP: 5/5
   386 | D:1      | Reached skill level 3 in Spellcasting
   626 | D:1      | Learned a level 2 spell: Call Imp
  1020 | D:1      | Reached XP level 3. HP: 24/24 MP: 4/7
  1574 | D:2      | Found a radiant altar of Vehumet.
  1784 | D:2      | Reached XP level 4. HP: 17/30 MP: 5/9
  2645 | D:2      | Found a runed translucent door.
  2646 | D:2      | Noticed Crazy Yiuf
  2850 | D:3      | Found Veotiqis's Assorted Antiques.
  3262 | D:3      | Found Zepalon's Magic Scroll Shop.
  3267 | D:3      | Bought a scroll of blinking for 82 gold pieces
  3301 | D:3      | Reached skill level 4 in Spellcasting
  3375 | D:3      | Found a shimmering blue altar of Sif Muna.
  3533 | D:3      | Slain by an orc priest

Illustrated notes

Levels and vault maps discovered:
D:1:      elethiomel_arrival_infinity_welcomes_careful_drivers, layout_rooms,
          chequers_ecumenical_altar_simple_redux, serial_forest,
          infiniplex_forest_lined_3_way, infiniplex_forest_straight_3,
          infiniplex_forest_straight_2, infiniplex_forest_corner_2,
          infiniplex_forest_straight_5, infiniplex_forest_lined_3_way,
          infiniplex_forest_clump_diagonal, infiniplex_forest_lined_2,
          st_stairs_8
D:2:      layout_loops_cross, basic_altar, minmay_splitting_lines,
          hangedman_abyss_or_decor_stabs, uniq_crazy_yiuf_cottage
D:3:      layout_loops_ring, led_sif_book, serial_shops, shop_statue, shop,
          nicolae_concentric_dashed_squares_mild

Skill      XL: |  1  2  3  4 |
---------------+-------------+-----
Spellcasting   | 3 4 |  4.0
Stealth        | 2 |  2.5
Dodging        | 2 |  2.4
Fighting       | |  0.3
Summonings     | |  3.8

Action                   |  1- 3 |  4- 6 || total
-------------------------+-------+-------++-------
Melee: Dagger            |    87 |    74 ||   161
       Unarmed           |     3 |       ||     3
 Cast: Summon Small Mamm |    12 |    11 ||    23
       Call Imp          |     8 |    17 ||    25
  Use: Scroll            |       |     2 ||     2
 Stab: Sleeping          |     5 |     5 ||    10
Armor: Robe              |    20 |    11 ||    31
Dodge: Dodged            |    67 |    50 ||   117

Table legend: (Time is in decaauts)
 A = Elapsed time spent in this place.
 B = Non-inter-level travel time spent in this place.
 C = Inter-level travel time spent in this place.
 D = Time resting spent in this place.
 E = Time spent auto-exploring this place.
 F = Levels seen in this place.
 G = Mean time per level.
                   A        B        C        D        E       F      G
               +--------+--------+--------+--------+--------+-----+--------+
         Total |   3534 |   3458 |     76 |   1322 |   1411 |   3 | 1178.0 |
       Dungeon |   3534 |   3458 |     76 |   1322 |   1411 |   3 | 1178.0 |
               +--------+--------+--------+--------+--------+-----+--------+

Top non-repeatable levels by time:
     D:1: 1809 daAuts
     D:2: 1052 daAuts
     D:3: 672 daAuts
